cohdb
Replays
Latest Replays
All Replays
Popular Replays
Top Player Replays
Match Explorer
How It Works
Community
CoH3 Stats
Reddit
Sign in to upload your games and track your stats! →
Sign in with Steam
Match 31905067
Unlisted
Match 31905067
Overview
Messages
Build Orders
End
Construct Section Command Post
Vickers Machine Gun Team
Infantry Section
Infantry Section
ML 3-inch Mortar Team
Infantry Section
Construct Platoon Command Post
6-pounder Anti-tank Gun Team
CMP 15cwt Truck
Infantry Training
Selects Heavy Armor Battlegroup
Selects Engineer Detachments
Construct Company Command Post
Selects Crusader AA Medium Tank
Royal Engineer Section
Matilda II Heavy Tank
Foot Guards Section
Tahamamalali
[EASY] CLUBs37
CoNnEcT FoUr!!!
If my team noob, I GO OUT
Grimauldus
ffgghhjjkkll
Miudai
mayomeyo
0
0
Comments
sign in to comment!
No comments posted yet!